 Dungeon Crawl Stone Soup version 0.24.0-125-gc4c63601f3 (webtiles) character file.

Game seed: 3788242204901987970, levelgen mode: deterministic

29271 nodunja the Spear-Bearer (level 13, -5/91 HPs)
             Began as an Octopode Fighter on Mar 21, 2020.
             Was a High Priest of Fedhas.
             Slain by a black mamba (14 damage)
             ... on level 3 of the Lair of Beasts.
             The game lasted 01:09:33 (21383 turns).

nodunja the Spear-Bearer (Octopode Fighter)        Turns: 21383, Time: 01:09:34

Health: -5/91      AC:  5    Str: 16    XL:     13   Next: 44%
Magic:  20/20      EV: 17    Int: 10    God:    Fedhas [*****.]
Gold:   243        SH: 10    Dex: 20    Spells: 12/12 levels left

rFire    x . .     SeeInvis .   a - +8 whip "Snakebite" {curare, rPois}
rCold    + . .     Gourm    .   L - +0 shield {AC+3}
rNeg     . . .     Faith    .   J - +1 hat
rPois    +         Spirit   .   (no amulet)
rElec    .         Reflect  .   g - ring of poison resistance
rCorr    .         Harm     .   (no ring)
MR       .....     Clarity  +   u - ring of ice
Stlth    +++++.....             M - +2 ring of dexterity
HPRegen  0.25/turn              (no ring)
MPRegen  0.17/turn              (no ring)
                                (no ring)
                                (no ring)

@: no status effects
A: almost no armour, stealthy swim, amphibious, 8 rings, constrict 8, camouflage
1, agile 1, clarity, gelatinous body 1
a: Wall of Briars, Grow Ballistomycete, Overgrow, Grow Oklob, Renounce Religion


You were on level 3 of the Lair of Beasts.
You worshipped Fedhas.
Fedhas was extremely pleased with you.
You were not hungry.

You visited 4 branches of the dungeon, and saw 16 of its levels.
You also visited: Bailey.

You collected 2000 gold pieces.
You spent 1757 gold pieces at shops.

Inventory:

Hand Weapons
 a - the +8 whip "Snakebite" (weapon) {curare, rPois}
   (You found it on level 2 of the Lair of Beasts)

   It poisons the flesh of those it strikes.
   It protects you from poison.
 b - the +3 sling "Punk" {acid, rCorr}
   (You bought it in a shop on level 7 of the Dungeon)

   It provides partial protection from all sources of acid and corrosion.
 v - a +1 hand axe of chopping
 A - a +4 rapier of protection
 Q - a +0 trident
Missiles
 m - 14 poisoned darts
 o - 6 curare-tipped darts
 q - 67 boomerangs (quivered)
 C - 141 sling bullets
 I - 371 stones
 K - 8 boomerangs of dispersal
Armour
 H - a +1 shield
 J - a +1 hat (worn)
 L - a +0 shield of protection (worn)
Jewellery
 g - a ring of poison resistance (left tentacle)
 u - a ring of ice (on tentacle)
 M - a +2 ring of dexterity (on tentacle)
 R - an uncursed ring of fire
Wands
 y - a wand of digging (10)
 D - a wand of paralysis (4)
 F - a wand of enslavement (7)
 P - a wand of random effects (9)
Scrolls
 f - a scroll of blinking
 k - 3 scrolls of teleportation
 n - 4 scrolls of amnesia
 p - 4 scrolls of remove curse
 w - 2 scrolls of fog
 z - 2 scrolls of enchant armour
 B - 2 scrolls of enchant weapon {unknown}
 N - a scroll of fear {unknown}
Potions
 c - 2 potions of might
 e - 2 potions of cancellation
 h - 6 potions of curing
 j - a potion of invisibility
 l - 4 potions of mutation
 r - 4 potions of haste
 s - 3 potions of ambrosia
 t - 7 potions of heal wounds
 x - 3 potions of magic
 E - a potion of resistance
 G - a potion of lignification {unknown}
 O - 2 potions of agility
Comestibles
 d - 20 rations


   Skills:
 + Level 9.7 Fighting
 * Level 1.1 Maces & Flails
 - Level 12.1 Polearms
 + Level 5.9(7.4) Slings
 - Level 6.9(7.9) Throwing
 * Level 7.2 Dodging
 - Level 8.5 Stealth
 - Level 6.0 Shields
 - Level 10.0 Invocations


You had 12 spell levels left.
You didn't know any spells.
Your spell library contained the following spells:

 Spells                   Type           Power        Failure   Level  Hunger
 Ignite Poison            Fire/Tmut/Pois #.......     98%         3    ####...
 Fireball                 Conj/Fire      #.........   100%        5    ######.
 Bolt of Fire             Conj/Fire      #.........   100%        6    #######
 Ring of Flames           Chrm/Fire      #.........   100%        7    #######
 Ignition                 Fire           #.........   100%        8    #######


Dungeon Overview and Level Annotations

Branches:
Dungeon (11/15)            Temple (1/1) D:6            Lair (3/6) D:8
    Orc (1/2) D:10         Bailey (visited)
  Swamp: Lair:2-4    Shoals: Lair:2-4     Snake: Lair:2-4    Spider: Lair:2-4

Altars:
Ashenzari
Cheibriados
Dithmenos
Elyvilon
Fedhas
Gozag
Hepliaklqana
Kikubaaqudgha
Makhleb
Nemelex Xobeh
Okawaru
Qazlal
Ru
Sif Muna
Trog
Uskayaw
Vehumet
Wu Jian
Xom
Yredelemnul
Zin
The Shining One

Shops:
D:7 %%(?[

Annotations:
D:4 exclusion: downstairs
D:6 exclusion: 2 downstairs
D:10 exclusion: 2 downstairs
D:11 2 runed translucent doors, laxxamousse2's ghost, journeyman TrTm
Lair:2 exclusion: downstairs
Orc:1 Sonja


Innate Abilities, Weirdness & Mutations

You cannot wear most types of armour.
You are very stealthy in the water. (Stealth+)
You are amphibious.
You can wear up to eight rings at the same time.
You can use your tentacles to constrict eight enemies at once.
Your skin changes colour to match your surroundings (Stealth+).
Your rubbery body absorbs attacks. (AC +1, EV +1)
You are agile. (Dex +2)
You possess an exceptional clarity of mind.


Message History

You kill the steam dragon!
Fedhas accepts your kill.
You are engulfed in a cloud of scalding steam.
* * * LOW HITPOINT WARNING * * *
You start resting.
The ice beast is too close now for your liking.
A black mamba comes into view.
The black mamba hisses angrily.
The black mamba bites you but does no damage.
The +3 sling "Punk" {acid, rCorr} stops oozing corrosive slime.
The +8 whip "Snakebite" {curare, rPois} begins to drip with poison!
a - the +8 whip "Snakebite" (weapon)
{curare, rPois} The black mamba bites you!
* * * LOW HITPOINT WARNING * * *
You hit the black mamba.
The black mamba is poisoned.
Your grab misses the black mamba. You squeeze the black mamba!
The black mamba is moderately wounded.
You block the black mamba's attack. The black mamba bites you!
You die...
Fedhas appreciates your contribution to the ecosystem.

.................
...$.............
.................
.................
#.#..............
.................
..#....#.P..### #....##...P##
#...@#........ .
#....S#S........
#...<.#........ . ##
####...Y.##..#..#
..#P###.##....#(##.#..#PP
......................P..P.###
.................D............
..<.............(.>...........
..................Y.(.........


You could see a black mamba and an ice beast.

Vanquished Creatures
  Gastronok (D:8)
  Harold (D:7)
  A two-headed ogre (D:8)
  Nergalle (D:11)
  An ugly thing (D:11)
  3 black mambas (Lair:2)
  2 centaur skeletons
  5 spiny frogs (Lair:2)
  Psyche (D:11)
  A rime drake (Lair:3)
  3 komodo dragons
  A troll (D:11)
  7 polar bears
  2 hippogriffs
  8 blink frogs
  4 dream sheep (Lair:2)
  A wraith (D:11)
  2 wyverns
  Eustachio (D:6)
  16 yaks
  A steam dragon (Lair:3)
  A hungry ghost (D:8)
  A warg (Orc:1)
  Duvessa (D:6)
  5 water moccasins (Lair:2)
  A porcupine (Lair:2)
  A hornet zombie (D:11)
  A black bear (D:11)
  2 ice beasts
  10 orc warriors
  2 sky beasts
  A wolf (Lair:1)
  7 centaurs
  3 crocodiles
  A big kobold (D:11)
  8 bullfrogs
  Blork the orc (D:4)
  Dowan (D:6)
  2 scorpions (D:4)
  4 wights (D:7)
  An electric eel (D:6)
  5 howler monkeys
  3 bullfrog zombies
  7 crimson imps
  3 centaur zombies
  2 jellies
  2 hounds
  11 orc wizards
  10 orc priests
  A bullfrog skeleton (D:5)
  4 worker ants
  A killer bee zombie (D:5)
  3 hound zombies (D:5)
  A hound skeleton (D:10)
  A worker ant zombie (D:9)
  22 gnolls
  17 adders
  2 shadow imps
  2 white imps (Lair:3)
  An ooze (D:3)
  An adder zombie (D:8)
  2 adder skeletons
  7 worms
  2 dart slugs
  3 leopard geckos
  47 orcs
  6 giant cockroaches
  9 goblins
  24 hobgoblins
  13 jackals
  24 kobolds
  2 quokkas
  A ball python (D:3)
  8 bats
  5 frilled lizards
  A giant cockroach zombie (D:5)
  A jackal zombie (D:5)
  A leopard gecko skeleton (D:4)
  A leopard gecko zombie (D:7)
  A quokka skeleton (D:5)
  2 quokka zombies (D:5)
  11 rats
  4 fungi (D:6)
391 creatures vanquished.

Vanquished Creatures (collateral kills)
  An orc priest (Orc:1)
  An orc (Orc:1)
2 creatures vanquished.

Vanquished Creatures (others)
  4 fungi
  16 plants
20 creatures vanquished.

Grand Total: 413 creatures vanquished

Notes
Turn   | Place    | Note
-------+----------+-------------------------------------------
     0 | D:1      | nodunja the Octopode Fighter began the quest for the Orb.
     0 | D:1      | Reached XP level 1. HP: 16/16 MP: 1/1
    77 | D:1      | Reached XP level 2. HP: 21/21 MP: 2/2
   515 | D:1      | Reached skill level 1 in Stealth
   623 | D:1      | Reached XP level 3. HP: 22/26 MP: 3/3
   865 | D:2      | Reached skill level 3 in Polearms
   865 | D:2      | Reached XP level 4. HP: 20/33 MP: 4/4
  1010 | D:2      | Noticed a bullfrog
  1041 | D:2      | Killed a bullfrog
  1041 | D:2      | Reached XP level 5. HP: 35/37 MP: 5/5
  1187 | D:2      | Found a sacrificial altar of Ru.
  1359 | D:3      | Reached skill level 4 in Polearms
  1412 | D:3      | You fall into a shaft and drop 1 floor!
  1456 | D:3      | Found a snail-covered altar of Cheibriados.
  1939 | D:3      | Reached XP level 6. HP: 37/44 MP: 6/6
  2328 | D:4      | Found a shimmering altar of Xom.
  2341 | D:4      | Reached skill level 5 in Polearms
  2360 | D:4      | Noticed Blork the orc
  2640 | D:4      | Found a hazy altar of Hepliaklqana.
  2742 | D:5      | Entered Level 5 of the Dungeon
  2744 | D:5      | Reached XP level 7. HP: 49/49 MP: 7/7
  2823 | D:5      | Reached skill level 6 in Polearms
  3143 | D:4      | Killed Blork the orc
  3143 | D:4      | Reached skill level 1 in Throwing
  4032 | D:5      | Reached skill level 5 in Fighting
  4452 | D:5      | Reached XP level 8. HP: 48/55 MP: 8/8
  4821 | D:6      | Reached skill level 7 in Polearms
  4829 | D:6      | Noticed Duvessa
  4829 | D:6      | Noticed Dowan
  4841 | D:6      | Killed Duvessa
  4851 | D:6      | Killed Dowan
  4872 | D:6      | Found a staircase to the Ecumenical Temple.
  4888 | Temple   | Entered the Ecumenical Temple
  5146 | D:6      | Noticed Eustachio
  5156 | D:6      | Killed Eustachio
  5619 | D:6      | Reached skill level 8 in Polearms
  6717 | D:6      | Gained mutation: Your magical capacity is low. (-10% MP)
                  | [potion of mutation]
  6717 | D:6      | Gained mutation: You possess an exceptional clarity of
                  | mind. [potion of mutation]
  6717 | D:6      | Gained mutation: Your spells are a little harder to cast,
                  | but a little more powerful. [potion of mutation]
  6717 | D:6      | Gained mutation: You expend magic power (3 MP) to
                  | strengthen your wands. [potion of mutation]
  6747 | D:7      | Found Nitut's Armour Emporium.
  6800 | D:7      | Reached XP level 9. HP: 62/62 MP: 8/8
  7013 | D:7      | Found a blossoming altar of Fedhas.
  7015 | D:7      | Found an ornate altar of the Wu Jian Council.
  7015 | D:7      | Found an opulent altar of Gozag.
  7018 | D:7      | Became a worshipper of Fedhas Madash
  7082 | D:7      | Found a white marble altar of Elyvilon.
  7090 | D:7      | Found Mymir's Magic Scroll Boutique.
  7101 | D:7      | Noticed Harold
  7117 | D:7      | Killed Harold
  7117 | D:7      | Reached skill level 9 in Polearms
  7117 | D:7      | Reached skill level 5 in Throwing
  7250 | D:7      | Found Sizityh's Food Emporium.
  7256 | D:7      | Found Gefoheot's Antique Weapon Shoppe.
  7264 | D:7      | Found Zasmon's Food Emporium.
  7864 | D:7      | Found a burning altar of Makhleb.
  7864 | D:7      | Found a glowing silver altar of Zin.
  7865 | D:7      | Noticed an angel
  7865 | D:7      | Noticed a cacodemon
  8385 | D:8      | Reached * piety under Fedhas
  8385 | D:8      | Reached skill level 5 in Shields
  8588 | D:8      | Reached XP level 10. HP: 69/69 MP: 9/9
  8620 | D:8      | Noticed a two-headed ogre
  8969 | D:8      | Noticed Gastronok
  9034 | D:8      | Found a staircase to the Lair.
  9313 | Lair:1   | Entered Level 1 of the Lair of Beasts
  9323 | D:8      | Reached skill level 10 in Polearms
 10381 | D:9      | Found a basalt altar of Yredelemnul.
 10500 | D:9      | Reached ** piety under Fedhas
 10692 | D:9      | Found an iron altar of Okawaru.
 10855 | D:10     | Entered Level 10 of the Dungeon
 10863 | D:10     | Found a flagged portal.
 10953 | D:10     | Identified a scroll of acquirement
 10957 | Bailey   | Entered a bailey
 11076 | Bailey   | Reached skill level 1 in Invocations
 11340 | Bailey   | Lost mutation: You possess an exceptional clarity of mind.
                  | [potion of mutation]
 11340 | Bailey   | Lost mutation: Your spells are a little harder to cast, but
                  | a little more powerful. [potion of mutation]
 11340 | Bailey   | Lost mutation: Your magical capacity is low. (-10% MP)
                  | [potion of mutation]
 11340 | Bailey   | Lost mutation: You expend magic power (3 MP) to strengthen
                  | your wands. [potion of mutation]
 11340 | Bailey   | Gained mutation: You occasionally shout uncontrollably at
                  | your foes. [potion of mutation]
 11340 | Bailey   | Gained mutation: Your spells are a little harder to cast,
                  | but a little more powerful. [potion of mutation]
 11341 | Bailey   | Lost mutation: You occasionally shout uncontrollably at
                  | your foes. [potion of mutation]
 11341 | Bailey   | Lost mutation: Your spells are a little harder to cast, but
                  | a little more powerful. [potion of mutation]
 11341 | Bailey   | Gained mutation: You possess an exceptional clarity of
                  | mind. [potion of mutation]
 11341 | Bailey   | Gained mutation: You are agile. (Dex +2) [potion of
                  | mutation]
 11768 | Bailey   | Reached *** piety under Fedhas
 12486 | D:10     | Found a staircase to the Orcish Mines.
 12657 | Orc:1    | Entered Level 1 of the Orcish Mines
 12658 | Orc:1    | Noticed Sonja
 13051 | D:11     | Reached XP level 11. HP: 64/77 MP: 13/13
 13073 | D:11     | Reached skill level 11 in Polearms
 13118 | D:11     | HP: 2/77 [yak (16)]
 13959 | D:11     | Noticed Nergalle
 14323 | D:11     | Noticed a skeletal warrior
 14323 | D:11     | Noticed laxxamousse2's ghost (journeyman TrTm)
 14323 | D:11     | Noticed a lich
 14324 | D:11     | Noticed a necromancer
 14324 | D:11     | Noticed a phantasmal warrior
 14324 | D:11     | Noticed a +0 flail of protection
 14326 | D:11     | Noticed a skeletal warrior
 14430 | D:11     | Reached XP level 12. HP: 83/83 MP: 14/18
 14728 | Orc:1    | Reached **** piety under Fedhas
 14740 | Orc:1    | Noticed an ettin
 15335 | D:7      | Bought the +3 sling "Punk" {acid, rCorr} for 1757 gold
                  | pieces
 15335 | D:7      | Found the +3 sling "Punk" {acid, rCorr}
 16435 | D:8      | Killed a two-headed ogre
 16435 | D:8      | Reached skill level 5 in Dodging
 16446 | D:8      | Killed Gastronok
 16987 | D:11     | Found a runed translucent door.
 16987 | D:11     | Found a runed translucent door.
 17236 | D:11     | Noticed Psyche
 17239 | D:11     | Killed Psyche
 17260 | D:11     | Reached skill level 1 in Slings
 17612 | D:11     | Killed Nergalle
 18845 | Lair:2   | Reached XP level 13. HP: 81/90 MP: 20/20
 19204 | Lair:2   | Reached skill level 10 in Invocations
 19220 | Lair:2   | Reached skill level 12 in Polearms
 19841 | Lair:2   | Reached skill level 5 in Slings
 20721 | Lair:2   | Found the +8 whip "Snakebite" {curare, rPois}
 20851 | Lair:2   | Reached ***** piety under Fedhas
 21346 | Lair:3   | Reached skill level 1 in Maces & Flails
 21383 | Lair:3   | Slain by a black mamba

Levels and vault maps discovered:
D:1:      eino_arrival_cavern_e, layout_rooms
D:2:      layout_basic, nicolae_ru_sacrificial_ziggurat, serial_bayou_lagoon_a,
          kennysheep_cross_bottleneck, minmay_misc_feat_cross
D:3:      layout_basic, overflow_temple_1_default
D:4:      layout_cave_pools, nicolae_overflow_hidden_temple, kennysheep_mini,
          first_ration, uniq_blork_the_orc
D:5:      layout_loops_cross, serial_undead, serial_undead_e, serial_undead_b,
          serial_undead_a, serial_undead_c, serial_undead_a, serial_undead_a
D:6:      layout_loops_ring, minmay_temple_entry_junction, water_boxes_lemuel,
          uniq_eustachio, uniq_duvessa
D:7:      layout_gridville, grunt_temple_overflow_order_and_chaos_2,
          grunt_temple_overflow_open, lemuel_doored_altar, serial_shops, shop,
          nicolae_shop_overgrown_old_shop, shop, shop, shop, uniq_harold
D:8:      layout_cave_pools, david_lair_shrubbed, uniq_gastronok
D:9:      layout_gridville, yredelemnul_altar_generic, okawaru_altar_gauntlet_db
D:10:     layout_cave_pools, david_orc_3, enter_bailey_3
D:11:     layout_stronghold, muffindrake_ghost_dual_entry, uniq_nergalle,
          uniq_psyche
Temple:   jpeg_temple_alley_garden
Lair:1:   layout_big_grid, st_stairs_11, minmay_holes, cheibrodos_lair_lostbears
Lair:2:   minmay_guarded_unrand_snakebite, layout_chaotic_city
Lair:3:   layout_regular_city, ice2_lemuel, infiniplex_staircase_pool
Orc:1:    layout_diamond_mine, hangedman_minor_magic, uniq_sonja

Skill      XL: |  1  2  3  4  5  6  7  8  9 10 11 12 13 |
---------------+----------------------------------------+-----
Stealth        | 1 2 4 8 |  8.5
Polearms       | 3 4 5 6 8 9 10 11 12 | 12.1
Fighting       | 4 5 6 7 8 9 |  9.7
Throwing       | 2 4 6 |  6.9
Shields        | 4 5 6 |  6.0
Invocations    | 3 9 10 | 10.0
Dodging        | 4 6 7 |  7.2
Slings         | 3 5 |  5.9
Maces & Flails | 1 |  1.1

Action                   |  1- 3 |  4- 6 |  7- 9 | 10-12 | 13-15 || total
-------------------------+-------+-------+-------+-------+-------++-------
Melee: Trident           |    67 |   131 |   302 |   484 |    72 ||  1056
       Constrict         |    10 |    28 |    58 |    59 |    15 ||   170
       Tentacles         |     7 |    20 |    58 |   126 |    20 ||   231
       Whip              |       |       |       |       |    24 ||    24
 Fire: Fustibalus        |       |       |       |    75 |    99 ||   174
Throw: Dart              |       |    13 |    70 |   169 |       ||   252
       Boomerang         |       |       |    20 |    31 |       ||    51
Evoke: Wand              |       |       |       |     2 |       ||     2
  Use: Scroll            |       |       |     7 |    15 |     1 ||    23
       Potion            |       |       |     3 |     6 |       ||     9
 Stab: Sleeping          |     8 |    16 |     8 |    12 |     2 ||    46
       Distracted        |       |       |     1 |       |       ||     1
  Eat: Chunk             |       |     6 |    20 |    25 |     5 ||    56
       Ration            |       |       |       |     2 |     1 ||     3
Armor: Skin              |     5 |     3 |     6 |    23 |     7 ||    44
Dodge: Dodged            |    20 |    25 |   101 |   154 |    62 ||   362
Block: Shield            |    13 |    30 |    87 |   198 |    54 ||   382
